 Dungeon Crawl Stone Soup version 0.31-a0-750-gfe7b580527 (console) character file.

Game seed: 16781295865793602222

304 om the Magician (level 6, -2/40 HPs)
             Began as a Djinni Fire Elementalist on Sept 14, 2023.
             Slain by Edmund
             ... wielding a +3 flail of protection
              (3 damage)
             ... on level 4 of the Dungeon.
             The game lasted 00:15:08 (3048 turns).

om the Magician (Djinni Fire Elementalist)          Turns: 3048, Time: 00:15:10

Health: -2/40      AC:  4    Str:  9    XL:     6   Next: 66%
Gold:   165        EV: 12    Int: 16    God:
                   SH:  4    Dex: 14

rFire   + + .        p - +0 dagger
rCold   x . .        m - +0 buckler
rNeg    . . .        a - +0 robe
rPois   ∞            b - +1 helmet
rElec   .            r - scarf {repulsion}
rCorr   .            (no gloves)
SInv    .            (boots unavailable)
Will    .....        (no amulet)
Stlth   ++           (no ring)
HPRegen 0.26/turn    (no ring)
MPRegen 0.00/turn

%: repel missiles, infuse magic (-3 HP)
@: flying
A: sickness immunity, fire resistance 2, cold vulnerability 1, float, innate
caster, HP casting, extra vitality 1
a: no special abilities


You were on level 4 of the Dungeon.
You visited 1 branch of the dungeon, and saw 4 of its levels.

You collected 165 gold pieces.

Inventory:

Hand Weapons
 p - a +0 dagger (weapon)
Armour
 a - a +0 robe (worn)
 b - a +1 helmet (worn)
 m - a +0 buckler (worn)
 r - a scarf of repulsion (worn)
Talismans
 n - a flux talisman
Wands
 o - a wand of mindburst (13)
Scrolls
 d - 2 scrolls of teleportation
 e - a scroll of enchant weapon {unknown}
 h - a scroll of fog {unknown}
 q - 2 scrolls of noise {unknown}
 s - a scroll of vulnerability {unknown}
Potions
 c - 6 potions of curing
 f - 3 potions of might
 g - 2 potions of resistance
 i - a potion of haste {unknown}
 j - 2 potions of magic {unknown}
 t - a potion of attraction
 u - a potion of invisibility {unknown}


   Skills:
 + Level 4.0 Dodging
 + Level 3.1 Stealth
 + Level 2.0 Shields
 + Level 4.0 Spellcasting
 + Level 4.0 Conjurations
 + Level 4.0 Hexes
   Level 0.0 Charms
 + Level 4.0 Summonings
 + Level 4.0 Necromancy
 + Level 4.0 Translocations
 + Level 4.0 Transmutations
 + Level 4.0 Fire Magic
 + Level 4.0 Ice Magic
 + Level 4.0 Air Magic
 + Level 4.0 Earth Magic
 + Level 4.0 Poison Magic


You knew the following spells:

 Your Spells              Type           Power      Damage    Failure   Level
a - Foxfire               Conj/Fire      64%        2x1d7     4%          1
b - Scorch                Fire           32%        2d6       8%          2
c - Volatile Blastmotes   Fire/Tloc      32%        2d12      14%         3
d - Inner Flame           Hex/Fire       16%        N/A       14%         3
e - Flame Wave            Conj/Fire      16%        2d7       43%         4
f - Summon Small Mammal   Summ           64%        N/A       4%          1
g - Ensorcelled Hibernat  Hex/Ice        32%        N/A       8%          2
Your spell library was empty.

Dungeon Overview and Level Annotations

Branches:
Dungeon (4/15)
 Temple: D:4-7

Altars:
Gozag
Hepliaklqana
The Shining One

Annotations:
D:4 Edmund


Innate Abilities, Weirdness & Mutations

You are immune to sickness and miasma.
You are immune to poison.
Your flesh is very heat resistant. (rF++)
You are vulnerable to cold. (rC-)
You float through the air rather than walking.
You learn spells naturally, not from books.
Your magical power is your life essence.
You have superior vitality. (+4 MHP)


Message History

Edmund is severely wounded.
The foxfire hits Edmund but does no damage.
Edmund is severely wounded.
Casting: Foxfire (safe; 4% risk of failure)
Confirm with . or Enter, or press ? or * to list all spells.
Okay, then.
You feel much better. Edmund misses you.
Casting: Foxfire (safe; 4% risk of failure)
Confirm with . or Enter, or press ? or * to list all spells.
Flames lash Edmund.
Edmund is almost dead.
Edmund hits you with a +3 flail of protection.
Casting: Scorch (safe; 8% risk of failure)
Confirm with . or Enter, or press ? or * to list all spells.
Flames lash Edmund.
Edmund is almost dead.
Edmund misses you.
Casting: Scorch (safe; 8% risk of failure)
Confirm with . or Enter, or press ? or * to list all spells.
Flames lash Edmund.
Edmund is almost dead.
Edmund hits you with a +3 flail of protection!
* * * LOW HITPOINT WARNING * * *
Casting: Scorch (safe; 8% risk of failure)
Confirm with . or Enter, or press ? or * to list all spells.
You conjure some foxfire!
* * * LOW HITPOINT WARNING * * *
Edmund hits you with a +3 flail of protection.
* * * LOW HITPOINT WARNING * * *
The foxfire hits Edmund but does no damage.
Edmund is almost dead.
The foxfire hits Edmund.
Edmund is almost dead.
Casting: Foxfire (safe; 4% risk of failure)
Confirm with . or Enter, or press ? or * to list all spells.
You conjure some foxfire!
* * * LOW HITPOINT WARNING * * *
Edmund hits you with a +3 flail of protection.
You die...
Edmund whines, "They better pay attention to me now!"

####.....#.########..###.........
...##............................
...).>............#..###.........
#......#.#........#.####.........
##.......##......................
.............^......####...##....
.#.....###...<.............##.@..
.................v....####.##....
.#..............@@...............
.#..............§v#.#.####.......
.#.........#....§.#.#.........###
.####.###..#.##...#..............
.............###....#............
..................#..............
######.....#####..........###+#/.
#..................... ..
#...............#...## ..


You could see Edmund (combustible, ally target).

Vanquished Creatures
  2 phantoms (D:4)
  An orc wizard (D:3)
  3 gnolls (D:2)
  5 adders
  A worm (D:3)
  A dart slug (D:1)
  4 endoplasms
  5 goblins
  3 hobgoblins
  12 jackals
  4 quokkas
  2 ball pythons
  8 bats
  7 frilled lizards
  2 kobolds
  3 rats
63 creatures vanquished.

Vanquished Creatures (others)
  172 foxfires
172 creatures vanquished.

Grand Total: 235 creatures vanquished

Notes
Turn   | Place    | Note
-------+----------+-------------------------------------------
     0 | D:1      | om the Djinni Fire Elementalist began the quest for the
                  | Orb.
     0 | D:1      | om set off with the following spells memorised: Foxfire,
                  | Scorch, Volatile Blastmotes, Inner Flame, Flame Wave.
     0 | D:1      | Reached XP level 1. HP: 15/15 MP: 0/0
   287 | D:1      | Reached XP level 2. HP: 15/21 MP: 0/0
   418 | D:1      | Found a faded altar of an unknown god.
   517 | D:1      | Reached XP level 3. HP: 23/25 MP: 0/0
   517 | D:1      | Learned a level 1 spell: Summon Small Mammal
   740 | D:2      | Reached XP level 4. HP: 9/31 MP: 0/0
  1258 | D:2      | Found a hazy altar of Hepliaklqana.
  1896 | D:3      | Reached XP level 5. HP: 33/35 MP: 0/0
  1896 | D:3      | Learned a level 2 spell: Ensorcelled Hibernation
  2424 | D:4      | Noticed a phantom
  2437 | D:4      | Killed a phantom
  2438 | D:4      | Reached skill level 1 in Shields
  2475 | D:4      | Noticed Edmund
  2563 | D:4      | Reached XP level 6. HP: 38/40 MP: 0/0
  2843 | D:4      | Found an opulent altar of Gozag.
  2843 | D:4      | Found a glowing golden altar of the Shining One.
  3046 | D:4      | HP: 1/40 [Edmund/+3 flail of protection (4)]
  3048 | D:4      | Slain by Edmund

Illustrated notes

Levels and vault maps discovered:
D:1:      dpeg_arrival_circle_labyrinth_c, layout_rooms, basic_ecumenical_altar
D:2:      layout_basic, serial_forest, infiniplex_forest_corner_1,
          infiniplex_forest_clump_curved, infiniplex_forest_lined_room_,
          infiniplex_forest_clump_long, basic_altar
D:3:      layout_loops_cross, lemuel_doored_altar
D:4:      layout_basic, grunt_dithmenos_smoke, gammafunk_temple_overflow_wave,
          uniq_edmund

Skill      XL: |  1  2  3  4  5  6 |
---------------+-------------------+-----
Spellcasting   | 4 |  4.0
Conjurations   | 4 |  4.0
Hexes          | 4 |  4.0
Summonings     | 4 |  4.0
Necromancy     | 4 |  4.0
Translocations | 4 |  4.0
Transmutations | 4 |  4.0
Fire Magic     | 4 |  4.0
Ice Magic      | 4 |  4.0
Air Magic      | 4 |  4.0
Earth Magic    | 4 |  4.0
Poison Magic   | 4 |  4.0
Stealth        | 2 3 |  3.1
Dodging        | 3 4 |  4.0
Shields        | 1 2 |  2.0

Action                     |  1- 3 |  4- 6 || total
---------------------------+-------+-------++-------
  Melee: Unarmed           |     4 |    18 ||    22
         Dagger            |       |    21 ||    21
   Cast: Foxfire           |    43 |    61 ||   104
         Volatile Blastmot |     1 |     1 ||     2
         Scorch            |       |    29 ||    29
         Ensorcelled Hiber |       |     4 ||     4
    Use: Scroll            |       |     9 ||     9
         Potion            |       |     1 ||     1
   Stab: Sleeping          |       |     4 ||     4
 Armour: Robe              |    24 |    44 ||    68
  Dodge: Dodged            |    36 |    40 ||    76
  Block: Buckler           |       |     7 ||     7

Table legend: (Time is in decaauts)
 A = Elapsed time spent in this place.
 B = Non-inter-level travel time spent in this place.
 C = Inter-level travel time spent in this place.
 D = Time resting spent in this place.
 E = Time spent auto-exploring this place.
 F = Levels seen in this place.
 G = Mean time per level.
                   A        B        C        D        E       F      G
               +--------+--------+--------+--------+--------+-----+--------+
         Total |   3052 |   2882 |    170 |    380 |   1840 |   4 |  763.0 |
       Dungeon |   3052 |   2882 |    170 |    380 |   1840 |   4 |  763.0 |
               +--------+--------+--------+--------+--------+-----+--------+

Top non-repeatable levels by time:
     D:2: 1042 daAuts
     D:3: 993 daAuts
     D:1: 652 daAuts
     D:4: 364 daAuts
